Map: [ESL] Altitude

Players

SKillous - Winner!

  • Race: Protoss Protoss
  • Spawn Location: 1:00

KingCobra

  • Race: Protoss Protoss
  • Spawn Location: 7:00

Event: ESL SC2 Masters 2023 Summer (Regionals)

VOD

Have the link to the VOD?

Description

Time

  • Played on: May 4, 2023, 11:58 a.m.
  • Length: 7:27

All games in this series

Show
View Real Time Build Order
Export as new Build Order

SKillous Protoss - Winner!

Build Orders: Oracle Opening 

Get SALT Encoding   

  12  0:00  Probe  
  13  0:12  Probe  
  14  0:18  Pylon  
  14  0:24  Probe  
  15  0:37  Probe (Chrono Boost), Gateway  
  15  0:42  Assimilator  
  16  0:47  Probe (Chrono Boost)  
  17  0:52  Probe (Chrono Boost)  
  17  0:55  Assimilator  
  18  1:05  Probe (Chrono Boost)  
  18  1:09  Gateway  
  19  1:13  Probe (Chrono Boost)  
  20  1:20  Probe  
  21  1:26  Cybernetics Core  
  21  1:32  Probe  
  22  1:36  Pylon  
  22  1:44  Probe  
  23  1:56  Probe  
  24  2:01  Stalker x2  
  24  2:02  Warp Gate  
  28  2:08  Probe  
  29  2:17  Pylon  
  29  2:20  Probe  
  30  2:28  Stargate  
  30  2:35  Adept  
  32  2:39  Adept  
  34  3:05  Nexus  
  34  3:09  Oracle (Chrono Boost)  
  37  3:18  Pylon  
  37  3:20  Probe  
  38  3:36  Oracle (Chrono Boost)  
  41  3:50  Probe  
  42  4:02  Probe  
  39  4:14  Twilight Council  
  39  4:15  Probe (Chrono Boost), Nexus  
  40  4:18  Probe (Chrono Boost)  
  42  4:26  Probe (Chrono Boost)  
  42  4:27  Probe (Chrono Boost)  
  43  4:37  Probe x2  
  45  4:38  Stalker x2  
  49  4:49  Probe x2, Blink (Chrono Boost)  
  51  5:01  Probe x2  
  51  5:02  Stalker x2  
  57  5:13  Probe x2  
  59  5:17  Assimilator  
  59  5:19  Gateway  
  59  5:22  Pylon  
  59  5:25  Stalker  
  59  5:27  Probe  
  59  5:28  Probe x2  
  64  5:34  Forge  
  64  5:39  Probe  
  64  5:40  Probe x2  
  67  5:46  Gateway  
  67  5:51  Probe  
  67  5:52  Stalker x2  
  72  5:57  Pylon  
  72  5:58  Probe  
  72  5:59  Probe  
  72  6:03  Probe  
  75  6:13  Stalker  
  75  6:14  Probe  
  75  6:17  Stalker  
  81  6:19  Stalker  
  81  6:20  Pylon  
  81  6:23  Pylon  
  81  6:24  Probe  
  81  6:25  Probe  
  84  6:37  Stalker  
  86  6:44  Stalker x3  
  86  6:45  Probe  
  88  6:52  Probe x2  
  81  6:57  Probe  
  81  7:00  Pylon  
  78  7:01  Stalker  
  78  7:04  Probe x2  
  78  7:05  Gateway  
  78  7:07  Stalker x3  
  88  7:09  Probe  
Show
View Real Time Build Order
Export as new Build Order

KingCobra Protoss 

Build Orders:  

Get SALT Encoding   

  12  0:01  Probe  
  13  0:13  Probe  
  14  0:19  Pylon  
  14  0:25  Probe  
  15  0:37  Probe (Chrono Boost)  
  15  0:39  Gateway  
  16  0:48  Probe (Chrono Boost), Assimilator  
  17  0:53  Probe (Chrono Boost)  
  18  1:01  Pylon  
  18  1:03  Probe (Chrono Boost)  
  19  1:06  Assimilator  
  19  1:13  Probe (Chrono Boost)  
  19  1:18  Probe (Chrono Boost)  
  21  1:26  Cybernetics Core  
  21  1:30  Probe  
  22  1:34  Zealot  
  24  1:42  Probe  
  25  1:57  Probe  
  26  2:04  Sentry  
  26  2:06  Warp Gate  
  28  2:12  Nexus  
  28  2:26  Pylon  
  28  2:28  Stalker  
  30  2:32  Probe  
  31  2:38  Shield Battery  
  31  2:44  Probe  
  31  2:50  Pylon  
  32  3:00  Robotics Facility  
  32  3:08  Probe (Chrono Boost), Stalker  
  36  3:20  Probe (Chrono Boost)  
  36  3:26  Probe (Chrono Boost)  
  37  3:31  Shield Battery  
  37  3:33  Probe  
  36  3:50  Immortal  
  36  3:55  Stalker  
  38  3:59  Probe (Chrono Boost)  
  36  4:03  Probe (Chrono Boost)  
  37  4:11  Probe (Chrono Boost)  
  37  4:14  Probe (Chrono Boost)  
  39  4:17  Probe (Chrono Boost)  
  39  4:19  Probe (Chrono Boost)  
  41  4:29  Probe (Chrono Boost), Observer  
  41  4:30  Probe (Chrono Boost)  
  43  4:38  Probe (Chrono Boost)  
  40  4:40  Probe (Chrono Boost)  
  40  4:42  Stargate  
  40  4:44  Probe  
  41  4:46  Stalker  
  41  4:51  Probe (Chrono Boost)  
  43  4:56  Probe (Chrono Boost)  
  44  5:06  Probe (Chrono Boost)  
  46  5:07  Probe (Chrono Boost)  
  46  5:09  Immortal  
  46  5:11  Probe (Chrono Boost)  
  46  5:13  Probe  
  52  5:16  Observer  
  52  5:22  Probe  
  52  5:25  Probe  
  52  5:27  Pylon  
  54  5:44  Nexus  
  54  5:45  Phoenix (Chrono Boost)  
  54  5:46  Pylon  
  54  5:48  Probe  
  57  5:55  Probe  
  58  5:57  Immortal (Chrono Boost)  
  62  6:07  Phoenix  
  64  6:11  Probe x2  
  64  6:15  Sentry  
  68  6:22  Shield Battery  
  68  6:23  Probe  
  68  6:25  Probe  
  70  6:27  Forge  
  70  6:37  Probe x2  
  56  6:49  Probe x2  
  56  6:53  Immortal (Chrono Boost)  
  53  7:01  Probe  
  56  7:02  Probe, Assimilator  
  56  7:03  Robotics Bay  
  56  7:05  Assimilator  
  56  7:06  Probe  
  58  7:13  Probe  
  58  7:14  Probe  
Tags
 
Add a new tag
Caveats
  • Supply blocks, unpowered buildings, or Contaminate may cause inaccurate times.
  • Supply counts are checked every 10 seconds.